 Dungeon Crawl Stone Soup version 0.29.1-1-gd02db6906a (webtiles) character file.

Game seed: 478350369418983437

86 FastidiousMonk the Trooper (level 4, -4/42 HPs)
             Began as a Minotaur Wanderer on Oct 6, 2022.
             Slain by Sigmund
             ... wielding a +0 scythe
              (6 damage)
             ... on level 3 of the Dungeon.
             The game lasted 00:13:50 (1999 turns).

FastidiousMonk the Trooper (Minotaur Wanderer)      Turns: 1999, Time: 00:13:50

Health: -4/42      AC:  3    Str: 16    XL:     4   Next: 26%
Magic:  3/3        EV: 11    Int:  8    God:
Gold:   117        SH:  0    Dex: 13    Spells: 3/3 levels left

rFire   . . .      SeeInvis .   a - +2 mace (venom)
rCold   . . .      Faith    .   (no shield)
rNeg    . . .      Spirit   .   h - +0 leather armour
rPois   .          Reflect  .   (helmet restricted)
rElec   .          Harm     .   (no cloak)
rCorr   .          Rampage  .   (no gloves)
Will    .....                   (no boots)
Stlth   ++........              (no amulet)
HPRegen 0.14/turn               (no ring)
MPRegen 0.08/turn               (no ring)

@: no status effects
A: horns 2, retaliatory headbutt
a: no special abilities


You were on level 3 of the Dungeon.
You visited 1 branch of the dungeon, and saw 3 of its levels.

You collected 117 gold pieces.

Inventory:

Hand Weapons
 a - a +2 mace of venom (weapon)
 k - a +0 falchion
 o - the +3 spear of Toothy Responsibility {pain, rPois Will+}
   (You found it on level 2 of the Dungeon)

   In the hands of one skilled in necromantic magic, it inflicts extra damage on
   living creatures.
   rPois:     It protects you from poison.
   Will:      It increases your willpower.
Missiles
 b - 7 boomerangs (quivered)
 c - 2 datura-tipped darts
 e - 2 atropa-tipped darts
 i - 5 poisoned darts
Armour
 h - a +0 leather armour (worn)
 l - a +0 plate armour
Scrolls
 f - a scroll of identify
 j - a scroll of enchant armour {unknown}
 m - a scroll of butterflies {unknown}
 n - 4 scrolls of summoning
Potions
 d - a potion of lignification
 g - 3 potions of curing


   Skills:
 + Level 5.1 Fighting
 - Level 2.4 Long Blades
 - Level 2.0 Throwing
 - Level 2.4 Stealth
 - Level 1.7 Evocations


You had 3 spell levels left.
You didn't know any spells.
Your spell library contained the following spells:

 Spells                   Type           Power      Damage    Failure   Level
 Apportation              Tloc           0%         N/A       47%         1
 Necrotise                Necr           0%         1d4       47%         1
 Summon Small Mammal      Summ           0%         N/A       47%         1
 Ozocubu's Armour         Ice            0%         N/A       85%         3
 Ozocubu's Refrigeration  Ice            0%         4d7       100%        7


Dungeon Overview and Level Annotations

Branches:
Dungeon (3/15)

Altars:

Annotations:
D:1 Altars-UnknownGod, D:3 Sigmund


Innate Abilities, Weirdness & Mutations

You have a pair of horns on your head.
You reflexively headbutt those who attack you in melee.


Message History

The jackal barks!
You sock the jackal!
You kill the jackal!
Sigmund gestures at you while chanting.
You are confused.
The kobold hits you but does no damage. The orc closely misses you.
Sigmund casts a spell at you. You resist with some effort.
You closely miss the kobold. The kobold closely misses you.
The orc closely misses you. The kobold barely misses you.
You barely miss the kobold. Your headbutt misses the kobold.
Sigmund closely misses you. The kobold barely misses you.
The orc hits you with a +0 hand axe.
A rat comes into view.
You're too confused to move!
The kobold closely misses you. The orc barely misses you.
The orc hits you with a +0 hand axe.
Sigmund hits you from afar with a +0 scythe.
The jackal bites you.
A ball python comes into view.
You sock the orc!
You kill the orc!
The jackal misses you. The kobold hits you but does no damage.
The orc hits you but does no damage.
The jackal bites you but does no damage.
Sigmund misses you.
You hit the jackal.
The jackal is poisoned.
The jackal is almost dead.
You feel less confused.
You kill the jackal!
The kobold hits you but does no damage. Sigmund barely misses you.
The kobold closely misses you. The orc hits you with a +0 short sword.
* * * LOW HITPOINT WARNING * * *
You hit the orc but do no damage.
The orc is poisoned.
The kobold barely misses you.
The orc hits you with a +0 whip of electrocution.
* * * LOW HITPOINT WARNING * * *
The orc hits you with a +0 short sword.
* * * LOW HITPOINT WARNING * * *
Sigmund hits you from afar with a +0 scythe.
You die...

##### #...############
###########...#..........#
..............#..........#
#..<.####.#...#..........#
........#.#...#..........#
##...##........K##@#######
########.....r†@o.#
....###S###o## .#...K..#
#.# .K..##### #.. .. #.##
o.# ... ###


You could see Sigmund, 2 orcs, a ball python, a kobold and a rat.

Vanquished Creatures
  2 adders (D:2)
  2 worms
  2 dart slugs
  An orc (D:3)
  10 endoplasms
  3 giant cockroaches
  5 goblins
  3 hobgoblins
  4 jackals
  2 quokkas
  4 ball pythons (D:1)
  6 bats
  A frilled lizard (D:1)
  4 kobolds
  4 rats
53 creatures vanquished.

Notes
Turn   | Place    | Note
-------+----------+-------------------------------------------
     0 | D:1      | FastidiousMonk the Minotaur Wanderer began the quest for
                  | the Orb.
     0 | D:1      | FastidiousMonk set off with the following items: a +0
                  | dagger, 2 atropa-tipped darts, 2 datura-tipped darts, a +0
                  | falchion, 8 boomerangs, a +0 dagger, a potion of curing, a
                  | +0 leather armour.
     0 | D:1      | Reached XP level 1. HP: 16/16 MP: 0/0
    33 | D:1      | Reached skill level 2 in Fighting
   120 | D:1      | Reached XP level 2. HP: 21/25 MP: 1/1
   290 | D:1      | Found a faded altar of an unknown god.
   290 | D:1      | Noticed a shining eye
   302 | D:1      | Reached skill level 3 in Fighting
   316 | D:1      | Noticed a shining eye
   327 | D:1      | Noticed a floating eye
   327 | D:1      | Noticed a golden eye
   710 | D:1      | Reached XP level 3. HP: 33/33 MP: 2/2
  1133 | D:2      | Reached skill level 4 in Fighting
  1657 | D:2      | Identified the +3 spear of Toothy Responsibility {pain,
                  | rPois Will+}
  1707 | D:2      | Reached XP level 4. HP: 41/41 MP: 3/3
  1966 | D:3      | Reached skill level 5 in Fighting
  1981 | D:3      | Noticed Sigmund
  1999 | D:3      | HP: 2/42 [orc/+0 short sword (1)]
  1999 | D:3      | Slain by Sigmund

Illustrated notes

Levels and vault maps discovered:
D:1:      beargit_arrival_diablo_church, layout_rooms,
          hellmonk_ecumenical_altar_watching_god, nicolae_wormholes
D:2:      layout_loops_ring
D:3:      layout_rooms, lemuel_crystal_altar, serial_glass, glass_columns_b,
          glass_columns_a, cheibrodos_sewer_entry_drain, uniq_sigmund,
          uniq_natasha

Skill      XL: |  1  2  3  4 |
---------------+-------------+-----
Fighting       | 2 3 4 5 |  5.1
Long Blades    | |  2.4
Throwing       | |  2.0
Stealth        | |  2.4
Evocations     | |  1.7

Action                   |  1- 3 |  4- 6 || total
-------------------------+-------+-------++-------
Melee: Falchion          |    71 |       ||    71
       Headbutt          |     9 |     1 ||    10
       Punch             |     1 |       ||     1
       Mace              |    10 |    11 ||    21
Throw: Boomerang         |    46 |     7 ||    53
  Use: Scroll            |     1 |     1 ||     2
 Stab: Sleeping          |     2 |       ||     2
Armor: Leather armour    |    27 |     7 ||    34
Dodge: Dodged            |    43 |    22 ||    65
